 Dungeon Crawl Stone Soup version 0.32-a0-918-g0f22ef8d61 (webtiles) character file.

Game seed: 3830555043082361213

192210 Ijustatesigmund the Spry (level 18, -7/142 HPs)
             Began as a Gnoll Conjurer on Apr 6, 2024.
             Was a High Priest of Vehumet.
             Mangled by a vault warden
             ... wielding a +3 great sword of venom
              (25 damage)
             ... on level 2 of the Vaults on Apr 11, 2024.
             The game lasted 01:58:53 (55111 turns).

Ijustatesigmund the Spry (Gnoll Conjurer)          Turns: 55111, Time: 01:58:54

Health: -7/142     AC: 25    Str:  9    XL:     18   Next: 22%
Magic:  27/35      EV: 16    Int: 26    God:    Vehumet [*****.]
Gold:   371        SH:  0    Dex: 11    Spells: 7/44 levels left

rFire   . . .        p - +7 lajatang of Order {silver, rMut}
rCold   + + .        (shield currently unavailable)
rNeg    . . .        M - +0 acid dragon scales
rPois   .            L - +2 helmet {Int+3}
rElec   +            C - +1 cloak {Stlth+}
rCorr   +            S - +1 pair of gloves
SInv    .            E - +2 pair of boots {Fly}
Will    ++...        Y - amulet of the Establishment {^Fragile rElec rC++ Will+ Regen+}
Stlth   ++++++       G - +4 ring of protection
HPRegen 1.23/turn    l - +4 ring of slaying
MPRegen 0.24/turn

%: resist mutation
@: lethally poisoned (-7 -> -30), fragile (+50% incoming damage), flying, very
slightly contaminated, studying Dodging
A: fangs 1, strong nose, distributed training
}: 1/15 runes: barnacled
a: Renounce Religion


You were on level 2 of the Vaults.
You worshipped Vehumet.
Vehumet was extremely pleased with you.
You visited 6 branches of the dungeon, and saw 29 of its levels.
You also visited: Ossuary.

You collected 2272 gold pieces.
You spent 1901 gold pieces at shops.

Inventory:

Hand Weapons
 p - the +7 lajatang of Order (weapon) {silver, rMut}
   (You found it on level 1 of the Vaults)

   rMut:      It protects you from mutation.
 v - a +3 scimitar of flaming
 N - a +6 demon trident of freezing
Armour
 C - a +1 cloak of stealth (worn)
 E - a +2 pair of boots of flying (worn)
 L - a +2 helmet of intelligence (worn)
 M - +0 acid dragon scales (worn)
 R - a +0 buckler
 S - a +1 pair of gloves (worn)
Magical Staves
 j - a staff of conjuration
Jewellery
 d - the ring "Res Tiuts" {rC+ Str+6 Dex+2}
   (You found it on level 1 of the Vaults)

   [ring of strength]

   Str+6:     It affects your strength (+6).
   Dex+2:     It affects your dexterity (+2).
   rC+:       It protects you from cold.
 k - a ring of see invisible
 l - a +4 ring of slaying (right hand)
 r - a ring of protection from fire
 G - a +4 ring of protection (left hand)
 H - a ring of fire
 I - a ring of resist corrosion
 J - a ring of protection from fire
 Y - the amulet of the Establishment (around neck) {^Fragile rElec rC++ Will+ Regen+}
   (You bought it in a shop on level 6 of the Dungeon)

   [amulet of regeneration]

   rC++:      It greatly protects you from cold.
   rElec:     It insulates you from electricity.
   Will+:     It increases your willpower.
   Regen+:    It increases your rate of health regeneration.
   ^Fragile:  It will be destroyed if unequipped.
Wands
 u - a wand of flame (40)
 w - a wand of iceblast (14)
 x - a wand of mindburst (14)
 y - a wand of paralysis (10)
 D - a wand of digging (5)
 W - a wand of light (5)
Scrolls
 f - 2 scrolls of fog
 i - a scroll of silence
 o - 6 scrolls of teleportation
 s - 5 scrolls of revelation
 t - 2 scrolls of amnesia
 Q - 2 scrolls of poison
 X - a scroll of immolation
 Z - 8 scrolls of identify
Potions
 b - 3 potions of magic
 c - 6 potions of might
 e - 2 potions of attraction
 g - a potion of haste
 h - 3 potions of brilliance
 m - 4 potions of curing
 n - 2 potions of invisibility
 q - 3 potions of cancellation
 z - 2 potions of resistance
 A - 3 potions of mutation
 B - a potion of enlightenment
 F - 6 potions of heal wounds
 T - a potion of ambrosia {unknown}
 U - 4 potions of lignification
Miscellaneous
 K - a sack of spiders
 O - a tin of tremorstones (2/2)
 P - a lightning rod (4/4)
 V - a phantom mirror


   Skills:
 + Level 12.6 Fighting
 + Level 12.6 Short Blades
 + Level 12.6 Long Blades
 + Level 12.6 Axes
 + Level 12.6 Maces & Flails
 + Level 12.6 Polearms
 + Level 12.6 Staves
 + Level 12.6 Ranged Weapons
 + Level 12.6 Throwing
 + Level 12.6 Armour
 + Level 17.4 Dodging
 + Level 13.3 Stealth
 + Level 12.6 Shields
 + Level 12.6 Unarmed Combat
 + Level 13.5 Spellcasting
 + Level 12.7 Conjurations
 + Level 10.7 Hexes
 + Level 10.7 Summonings
 + Level 10.7 Necromancy
 + Level 10.7 Translocations
 + Level 10.7 Fire Magic
 + Level 10.7 Ice Magic
 + Level 10.7 Air Magic
 + Level 10.7 Earth Magic
 + Level 10.7 Alchemy
 + Level 13.7 Invocations
 + Level 12.6 Evocations
 + Level 11.6 Shapeshifting


You had 7 spell levels left.
You knew the following spells:

 Your Spells              Type           Power      Damage    Failure   Level
a - Magic Dart            Conj           100%       1d8       1%          1
b - Searing Ray           Conj           100%       2d8       1%          2
c - Iskenderun's Mystic   Conj/Tloc      68%        2d14      (+2d71%     4
d - Bombard               Conj/Erth      34%        9d6       1%          6
e - Starburst             Conj/Fire      34%        6d10      1%          6
f - Permafrost Eruption   Ice/Erth       32%        2x4d8     2%          6
g - Fireball              Conj/Fire      34%        3d14      1%          5
h - Blink                 Tloc           100%       N/A       1%          2
i - Irradiate             Conj/Alch      34%        3d23      1%          5

Your spell library contained the following spells:

 Spells                   Type           Power      Damage    Failure   Level
 Maxwell's Capacitive Co  Air            32%        ∞         65%         8
 Apportation              Tloc           100%       N/A       1%          1
 Foxfire                  Conj/Fire      100%       2x1d9     1%          1
 Necrotise                Necr           100%       1d9       1%          1
 Sting                    Conj/Alch      100%       1d9       1%          1
 Summon Small Mammal      Summ           100%       N/A       1%          1
 Ensorcelled Hibernation  Hex/Ice        100%       N/A       1%          2
 Lesser Beckoning         Tloc           100%       N/A       1%          2
 Momentum Strike          Conj/Tloc      100%       3d10      1%          2
 Sublimation of Blood     Necr           65%        N/A       1%          2
 Dazzling Flash           Conj/Hex       100%       N/A       1%          3
 Fugue of the Fallen      Necr           65%        N/A       1%          3
 Maxwell's Portable Pile  Tloc           65%        2d(11-33) 1%          3
 Mephitic Cloud           Conj/Alch/Air  67%        N/A       1%          3
 Passwall                 Erth           65%        N/A       1%          3
 Sigil of Binding         Hex            65%        N/A       1%          3
 Swiftness                Air            65%        N/A       1%          3
 Teleport Other           Tloc           65%        N/A       1%          3
 Tukima's Dance           Hex            65%        N/A       1%          3
 Anguish                  Hex/Necr       32%        N/A       1%          4
 Fulminant Prism          Conj/Alch      34%        3d15      1%          4
 Leda's Liquefaction      Alch/Erth      32%        N/A       1%          4
 Passage of Golubria      Tloc           65%        N/A       1%          4
 Petrify                  Alch/Erth      65%        N/A       1%          4
 Curse of Agony           Necr           65%        N/A       1%          5
 Iskenderun's Battlesphe  Conj           71%        2d12      1%          5
 Lee's Rapid Deconstruct  Erth           32%        3d17*     1%          5
 Silence                  Hex/Air        32%        N/A       1%          5
 Yara's Violent Unravell  Hex/Alch       32%        3d13      1%          5
 Plasma Beam              Fire/Air       32%        2x1d45    2%          6
 Death Channel            Necr           32%        N/A       9%          6
 Sculpt Simulacrum        Ice/Alch       32%        N/A       9%          6
 Spellforged Servitor     Conj/Summ      34%        N/A       9%          7
 Ozocubu's Refrigeration  Ice            32%        4d14      13%         7
 Haunt                    Necr/Summ      32%        N/A       43%         7
 Borgnjor's Revivificati  Necr           32%        N/A       98%         8
 Death's Door             Necr           32%        N/A       100%        9
 Polar Vortex             Ice            32%        12d4*     100%        9


Dungeon Overview and Level Annotations

Branches:
Dungeon (15/15)            Temple (1/1) D:4            Lair (5/5) D:8
 Shoals (4/4) Lair:3       Spider (0/4) Lair:3        Slime (0/5) Lair:5
    Orc (2/2) D:11            Elf (0/3) Orc:2        Vaults (2/5) D:13
 Depths (0/4) D:15        Ossuary (visited)
  Crypt: Vaults:2-3

Altars:
Ashenzari
Cheibriados
Dithmenos
Elyvilon
Fedhas
Gozag
Hepliaklqana
Kikubaaqudgha
Makhleb
Nemelex Xobeh
Okawaru
Qazlal
Ru
Sif Muna
Trog
Uskayaw
Vehumet
Wu Jian
Xom
Yredelemnul
Zin
The Shining One
Beogh

Shops:
D:2 !?(   D:4 *[:   D:6 =   D:8 (   Orc:2 (([=   Shoals:4 =   Vaults:1 !

Portals:
Abyss: Vaults:1

Annotations:
D:3 3 runed translucent doors, Sar's ghost, amateur MDFE
D:14 Roxanne
Shoals:2 3 runed translucent doors, Boda's ghost, journeyman TeSu
Vaults:1 2 transporters, Eldin's ghost, veteran DEHW


Innate Abilities, Weirdness & Mutations

You have very sharp teeth.
Your uncanny sense of smell can sniff out nearby items.
Your experience applies equally to all skills.


Message History

You feel sick. The vault warden misses you.
The yaktaur wields a +0 arbalest.
The yaktaur shoots a bolt.
The bolt hits you!
You closely miss the vault warden.
The vault warden is heavily wounded.
You feel sick.
The vault warden hits you with a +3 great sword of venom!!
* * * LOW HITPOINT WARNING * * *
You are more poisoned.
Casting: Iskenderun's Mystic Blast (safe; 1% risk of failure)
Confirm with . or Enter, or press ? or * to list all spells.
You erupt in a fountain of uncontrolled magic!
The ironbound thunderhulk is blasted with magical radiation!!
The ironbound thunderhulk is moderately wounded.
The vault warden is blasted with magical radiation!
The vault warden is heavily wounded.
You are very lightly contaminated with residual magic.
You feel extremely sick.
The vault warden hits you with a +3 great sword of venom!!
* * * LOW HITPOINT WARNING * * *
You are more poisoned.
The ironbound thunderhulk closely misses you.
You feel much better.
* * * LOW HITPOINT WARNING * * *
You feel extremely sick.
The war gargoyle hits you with a +0 morningstar!!
* * * LOW HITPOINT WARNING * * *
The great orb of eyes gazes at you. You resist with almost no effort.
The vault warden barely misses you. The war gargoyle misses you.
You feel much better.
* * * LOW HITPOINT WARNING * * *
You feel extremely sick.
The war gargoyle launches metal splinters at you.
The spray of metal splinters misses you.
The spray of metal splinters hits the ironbound thunderhulk!!
The ironbound thunderhulk hits you but does no damage.
The great orb of eyes gazes at you.
Your body becomes as fragile as glass!
The vault warden hits you with a +3 great sword of venom!
You die...

... ... .. ...
.. ... .##.##
#...# # ∆ #)cc#
.# #G9p# ..#
##@###.##
+.O.#...#..
####..........
##..+...#...#..
''..###'#######
#..'...........#
#..'.....#.....#
....#.....# ...#
... #...### ?.#


You could see a vault warden, an ironbound thunderhulk, a great orb of eyes, a
war gargoyle (catching breath) and 2 yaktaurs.

Vanquished Creatures
  Nikola (Vaults:1)
  Jorgrun (Orc:1)
  A titan (Shoals:1)
  Kirke (D:15)
  A vault warden (Vaults:1)
  3 frost giants
  4 ironbound preservers
  A cacodemon (Vaults:1)
  A stone giant (D:15)
  8 dire elephants (Vaults:1)
  Azrael (Orc:2)
  Snorg (D:14)
  An ettin (Vaults:1)
  A fire dragon (D:12)
  7 merfolk impalers
  2 merfolk javelineers (Shoals:4)
  2 yaktaur captains (Vaults:1)
  Erolcha (D:9)
  4 vault guards (D:13)
  6 hydras
  5 merfolk avatars
  A catoblepas (Lair:3)
  An ironbound frostheart (Vaults:1)
  3 boulder beetles
  8 centaur warriors
  3 death yaks (Lair:5)
  4 merfolk aquamancers
  A death knight (D:14)
  3 satyrs
  4 two-headed ogres
  4 tengu warriors
  Nergalle (D:10)
  9 sea snakes
  8 skysharks
  4 arcanists
  8 deep trolls
  A phantasmal warrior (D:15)
  6 lindwurms
  A deep elf pyromancer (D:9)
  Pikel (D:6)
  An obsidian bat (Orc:2)
  11 harpies
  4 ironbound convokers (Vaults:1)
  5 orc knights
  An orc sorcerer (D:13)
  8 fauns
  A necromancer (Vaults:1)
  An oklob plant (Lair:5)
  21 ugly things
  11 cyclopes
  5 merfolk sirens
  12 manticores
  16 elephants
  4 water nymphs
  8 kobold blastminers
  5 black mambas
  4 vault sentinels (Vaults:1)
  2 gargoyles
  14 cane toads
  Maggie (D:6)
  Jeremiah (D:9)
  A rime drake (Lair:5)
  2 unseen horrors
  3 freezing wraiths
  3 kobold demonologists (D:13)
  12 komodo dragons
  4 efreet
  3 tengu conjurers
  17 yaktaurs
  7 trolls
  A polar bear (shapeshifter) (D:11)
  A blink frog (shapeshifter) (D:15)
  28 merfolk
  3 polar bears
  2 hornets (D:9)
  22 blink frogs
  4 wind drakes
  10 dream sheep
  9 snapping turtles
  A spriggan (Lair:2)
  22 slime creatures
  A spriggan (shapeshifter) (D:14)
  A shadow (D:11)
  3 vampires
  9 wyverns
  9 water elementals
  A human (D:13)
  4 wraiths
  32 yaks
  3 hogs (D:15)
  Eustachio (D:5)
  7 fire elementals (Orc:2)
  A basilisk (D:7)
  4 wargs
  4 vampire mosquitoes (D:11)
  Menkaure (D:5)
  11 water moccasins
  2 acid dragons
  A hell hound (Orc:2)
  Pargi (D:4)
  A swamp drake (shapeshifter) (D:13)
  32 orc warriors
  4 black bears
  3 ice beasts (D:5)
  4 ogres
  12 wolves
  4 boggarts (D:14)
  6 phantoms
  13 centaurs
  A lemure (D:6)
  2 elf zombies (Ossuary)
  3 kobold brigands
  Blork the orc (D:5)
  A brain worm (shapeshifter) (D:14)
  10 bullfrogs
  4 gnoll sergeants
  2 scorpions
  A burial acolyte (D:5)
  4 wights
  2 troll zombies (D:11)
  7 electric eels
  13 howler monkeys
  A human zombie (Ossuary)
  5 hounds
  2 jellies
  16 orc priests
  5 iguanas
  Jessica (D:2)
  3 gnoll boudas
  17 orc wizards
  6 ogre zombies (D:11)
  2 hound zombies (D:5)
  5 mummies
  14 gnolls
  7 adders
  2 shadow imps (D:5)
  4 white imps
  An adder zombie (D:5)
  2 dart slugs
  59 orcs
  6 endoplasms
  5 giant cockroaches
  5 gnoll zombies
  4 goblins
  6 hobgoblins
  19 jackals
  14 kobolds
  4 quokkas
  6 ball pythons
  4 bats
  5 frilled lizards
  4 gnoll skeletons (D:11)
  4 jackal zombies (Ossuary)
  4 kobold zombies
  2 orc skeletons (D:11)
  18 orc zombies
  9 rats
  A rat zombie (Ossuary)
913 creatures vanquished.

Vanquished Creatures (collateral kills)
  An orc warrior (Orc:1)
  An ogre (Orc:1)
  An orc wizard (Orc:1)
  3 orcs (Orc:1)
6 creatures vanquished.

Vanquished Creatures (others)
  2 humans (D:15)
  2 orc wizards (Orc:1)
  An orc (D:6)
5 creatures vanquished.

Grand Total: 924 creatures vanquished

Notes
Turn   | Place    | Note
-------+----------+-------------------------------------------
     0 | D:1      | Ijustatesigmund the Gnoll Conjurer began the quest for the
                  | Orb.
     0 | D:1      | Reached XP level 1. HP: 13/13 MP: 6/6
    81 | D:1      | Reached XP level 2. HP: 19/19 MP: 2/7
   183 | D:1      | Learned a level 2 spell: Searing Ray
   517 | D:1      | Reached skill level 5 in Spellcasting
   517 | D:1      | Reached XP level 3. HP: 24/25 MP: 4/9
   880 | D:1      | Reached skill level 1 in Invocations
  1222 | D:2      | Reached skill level 1 in Fighting
  1222 | D:2      | Reached skill level 1 in Short Blades
  1222 | D:2      | Reached skill level 1 in Long Blades
  1222 | D:2      | Reached skill level 1 in Axes
  1222 | D:2      | Reached skill level 1 in Maces & Flails
  1222 | D:2      | Reached skill level 1 in Polearms
  1222 | D:2      | Reached skill level 1 in Staves
  1222 | D:2      | Reached skill level 1 in Ranged Weapons
  1222 | D:2      | Reached skill level 1 in Throwing
  1222 | D:2      | Reached skill level 1 in Armour
  1222 | D:2      | Reached skill level 1 in Shields
  1222 | D:2      | Reached skill level 1 in Unarmed Combat
  1222 | D:2      | Reached skill level 1 in Evocations
  1507 | D:2      | Found Niazicw's Magic Scroll Emporium.
  1517 | D:2      | Bought a scroll of identify for 20 gold pieces
  1517 | D:2      | Bought a scroll of identify for 20 gold pieces
  1535 | D:2      | Reached skill level 1 in Shapeshifting
  1535 | D:2      | Reached XP level 4. HP: 32/32 MP: 6/11
  1540 | D:2      | Learned a level 4 spell: Iskenderun's Mystic Blast
  1575 | D:2      | Noticed Jessica
  1586 | D:2      | Killed Jessica
  1587 | D:2      | Reached skill level 1 in Hexes
  1587 | D:2      | Reached skill level 1 in Summonings
  1587 | D:2      | Reached skill level 1 in Necromancy
  1587 | D:2      | Reached skill level 1 in Translocations
  1587 | D:2      | Reached skill level 1 in Fire Magic
  1587 | D:2      | Reached skill level 1 in Ice Magic
  1587 | D:2      | Reached skill level 1 in Air Magic
  1587 | D:2      | Reached skill level 1 in Earth Magic
  1587 | D:2      | Reached skill level 1 in Alchemy
  1757 | D:2      | Found Errauf's Distillery.
  1867 | D:2      | Found an ornate altar of the Wu Jian Council.
  1870 | D:2      | Found Jaqats's Weapon Boutique.
  1987 | D:3      | Found a runed translucent gate.
  1988 | D:3      | Found a runed translucent gate.
  1988 | D:3      | Noticed Sar's ghost (amateur MDFE)
  1989 | D:3      | Found a runed translucent gate.
  2114 | D:3      | Reached XP level 5. HP: 33/37 MP: 9/12
  2749 | D:4      | Found Hubiunyu's Book Emporium.
  2760 | D:4      | Noticed a phantom
  2760 | D:4      | Found Jaunacyt's Antique Armour Shoppe.
  2760 | D:4      | Found Kuarosu's General Store.
  2821 | D:4      | Found a staircase to the Ecumenical Temple.
  2881 | D:4      | Found a sand-covered staircase.
  2887 | Ossuary  | Entered an ossuary
  3356 | Ossuary  | Reached skill level 5 in Dodging
  3356 | Ossuary  | Reached XP level 6. HP: 22/44 MP: 1/14
  4631 | Temple   | Entered the Ecumenical Temple
  4636 | Temple   | Became a worshipper of Vehumet
  4699 | D:4      | Reached XP level 7. HP: 42/51 MP: 7/15
  4784 | D:4      | Noticed Pargi
  4795 | D:4      | Killed Pargi
  4902 | D:4      | Reached skill level 5 in Stealth
  5042 | D:4      | Found a white marble altar of Elyvilon.
  5412 | D:4      | Found a hazy altar of Hepliaklqana.
  5454 | D:5      | Entered Level 5 of the Dungeon
  5471 | D:5      | Reached XP level 8. HP: 58/58 MP: 3/16
  5921 | D:5      | Noticed Eustachio
  5937 | D:5      | Killed Eustachio
  6102 | D:5      | Noticed Blork the orc
  6115 | D:5      | Killed Blork the orc
  6315 | D:5      | Reached skill level 6 in Dodging
  6412 | D:5      | Noticed Menkaure
  6421 | D:5      | Killed Menkaure
  6679 | D:5      | Reached XP level 9. HP: 65/65 MP: 11/18
  6785 | D:5      | Found a shimmering blue altar of Sif Muna.
  6786 | D:5      | Found a glowing silver altar of Zin.
  6834 | D:5      | Reached * piety under Vehumet
  6834 | D:5      | Offered knowledge of Sandblast by Vehumet.
  7338 | D:5      | Found an ancient bone altar of Kikubaaqudgha.
  7646 | D:6      | Noticed a +0 dagger
  7648 | D:6      | Noticed a +0 hand axe
  7652 | D:6      | Noticed Maggie
  8005 | D:6      | Killed Maggie
  8091 | D:6      | Found a hide-covered altar of Uskayaw.
  8297 | D:6      | Noticed Pikel
  8306 | D:6      | Killed Pikel
  8307 | D:6      | Reached skill level 5 in Invocations
  8453 | D:6      | Reached skill level 7 in Dodging
  8555 | D:6      | Found Maafa Fir's Jewellery Shop.
  8949 | D:7      | Reached skill level 5 in Fighting
  8949 | D:7      | Reached skill level 5 in Short Blades
  8949 | D:7      | Reached skill level 5 in Long Blades
  8949 | D:7      | Reached skill level 5 in Axes
  8949 | D:7      | Reached skill level 5 in Maces & Flails
  8949 | D:7      | Reached skill level 5 in Polearms
  8949 | D:7      | Reached skill level 5 in Staves
  8949 | D:7      | Reached skill level 5 in Ranged Weapons
  8949 | D:7      | Reached skill level 5 in Throwing
  8949 | D:7      | Reached skill level 5 in Armour
  8949 | D:7      | Reached skill level 5 in Shields
  8949 | D:7      | Reached skill level 5 in Unarmed Combat
  8949 | D:7      | Reached skill level 5 in Evocations
  8949 | D:7      | Reached XP level 10. HP: 74/74 MP: 20/20
  8953 | D:7      | Reached ** piety under Vehumet
  8953 | D:7      | Offered knowledge of Static Discharge by Vehumet.
 10009 | D:8      | Upgraded the game from 0.32-a0-908-g8e5f33bbaa to
                  | 0.32-a0-913-g739538afd8
 10487 | D:7      | Offered knowledge of Scorch by Vehumet.
 10798 | D:8      | Noticed an elephant
 11521 | D:7      | Killed an elephant
 11522 | D:7      | Reached skill level 8 in Dodging
 11522 | D:7      | Reached skill level 5 in Shapeshifting
 12064 | D:8      | Paralysed by a centaur for 2 turns
 12287 | D:8      | Paralysed by a centaur for 2 turns
 13338 | D:8      | Found a shimmering altar of Xom.
 13340 | D:8      | Found a shimmering altar of Xom.
 13341 | D:8      | Found a shimmering altar of Xom.
 13341 | D:8      | Found a shimmering altar of Xom.
 13344 | D:8      | Found a shimmering altar of Xom.
 13345 | D:8      | Found a shimmering altar of Xom.
 13345 | D:8      | Found a shimmering altar of Xom.
 13356 | D:8      | Found a staircase to the Lair.
 13954 | D:8      | Found Worimair's Weapon Shoppe.
 14506 | D:9      | Reached skill level 5 in Hexes
 14506 | D:9      | Reached skill level 5 in Summonings
 14506 | D:9      | Reached skill level 5 in Necromancy
 14506 | D:9      | Reached skill level 5 in Translocations
 14506 | D:9      | Reached skill level 5 in Fire Magic
 14506 | D:9      | Reached skill level 5 in Ice Magic
 14506 | D:9      | Reached skill level 5 in Air Magic
 14506 | D:9      | Reached skill level 5 in Earth Magic
 14506 | D:9      | Reached skill level 5 in Alchemy
 14506 | D:9      | Reached XP level 11. HP: 73/81 MP: 5/22
 14737 | D:9      | Noticed Erolcha
 14757 | D:9      | Killed Erolcha
 14758 | D:9      | Reached skill level 9 in Dodging
 14891 | D:9      | Noticed a two-headed ogre
 14910 | D:9      | Killed a two-headed ogre
 15037 | D:9      | Paralysed by a hornet for 1 turns
 15038 | D:9      | Reached *** piety under Vehumet
 15289 | D:9      | Noticed Jeremiah
 15315 | D:9      | Killed Jeremiah
 15548 | D:9      | Noticed a brown ugly thing
 15548 | D:9      | Noticed a deep elf pyromancer
 15548 | D:9      | Noticed a centaur warrior
 15560 | D:9      | Noticed a seven-headed hydra
 15571 | D:9      | Killed a brown ugly thing
 15780 | D:9      | Killed a seven-headed hydra
 15963 | D:9      | Killed a deep elf pyromancer
 16039 | D:9      | Killed a centaur warrior
 16445 | D:9      | Identified the staff of the Illusory Ears {rN+ Dex+4 Necro}
 16445 | D:9      | Identified the +6 shortbow of the Countless Ghosts {heavy,
                  | rElec rC+ Str+3}
 16445 | D:9      | Identified the +3 war axe of Offence {holy, rF+ Str+7
                  | Dex-2}
 16984 | D:10     | Entered Level 10 of the Dungeon
 16993 | D:10     | Reached skill level 10 in Dodging
 17311 | D:10     | Found a sacrificial altar of Ru.
 17521 | D:10     | Offered knowledge of Brom's Barrelling Boulder by Vehumet.
 17766 | D:10     | Noticed a brown ugly thing
 17782 | D:10     | Killed a brown ugly thing
 17783 | D:10     | Reached XP level 12. HP: 50/91 MP: 3/24
 17969 | D:10     | Noticed Nergalle
 18014 | D:10     | Killed Nergalle
 19199 | D:11     | Found a staircase to the Orcish Mines.
 19204 | D:11     | Reached **** piety under Vehumet
 19222 | D:11     | Offered knowledge of Inner Flame by Vehumet.
 19822 | D:11     | Noticed a centaur warrior
 19831 | D:11     | Killed a centaur warrior
 19836 | D:11     | Reached ***** piety under Vehumet
 19837 | D:11     | Reached skill level 11 in Dodging
 20392 | D:12     | Noticed a two-headed ogre
 20408 | D:12     | Killed a two-headed ogre
 20774 | D:12     | Noticed a fire dragon
 20796 | D:12     | Killed a fire dragon
 21395 | D:12     | Noticed a boulder beetle
 21432 | D:12     | Killed a boulder beetle
 21691 | D:12     | Offered knowledge of Bombard by Vehumet.
 21849 | D:12     | Identified the staff "Vijeuf" {rPois Summ Alchemy}
 21966 | D:13     | Noticed a vault guard
 22388 | D:12     | Reached XP level 13. HP: 11/98 MP: 21/26
 23644 | D:13     | Reached skill level 10 in Conjurations
 23814 | D:13     | Noticed a vault guard
 24119 | D:13     | Killed a vault guard
 24132 | D:13     | Killed a vault guard
 24755 | D:13     | Noticed a vault guard
 24796 | D:13     | Killed a vault guard
 24886 | D:13     | Reached skill level 12 in Dodging
 25131 | D:13     | Found a gate to the Vaults.
 25131 | D:13     | Noticed a vault guard
 25145 | D:13     | Killed a vault guard
 25146 | D:13     | Reached skill level 10 in Spellcasting
 27195 | D:14     | Noticed Roxanne
 27421 | D:14     | Noticed Snorg
 27433 | D:14     | Killed Snorg
 27969 | D:14     | Reached skill level 10 in Stealth
 28463 | D:14     | Reached XP level 14. HP: 107/108 MP: 25/28
 28789 | D:15     | Entered Level 15 of the Dungeon
 28933 | D:15     | Learned a level 6 spell: Bombard
 28938 | D:15     | Found a radiant altar of Vehumet.
 29000 | D:15     | Reached skill level 10 in Invocations
 29403 | D:15     | Reached skill level 13 in Dodging
 30369 | D:15     | Noticed Kirke
 30464 | D:15     | Killed Kirke
 30964 | D:15     | Found a staircase to the Depths.
 30964 | D:15     | Noticed a stone giant
 30977 | D:15     | Killed a stone giant
 31817 | Lair:1   | Entered Level 1 of the Lair of Beasts
 34167 | Lair:2   | Offered knowledge of Airstrike by Vehumet.
 34371 | Lair:2   | Reached skill level 10 in Fighting
 34371 | Lair:2   | Reached skill level 10 in Short Blades
 34371 | Lair:2   | Reached skill level 10 in Long Blades
 34371 | Lair:2   | Reached skill level 10 in Axes
 34371 | Lair:2   | Reached skill level 10 in Maces & Flails
 34371 | Lair:2   | Reached skill level 10 in Polearms
 34371 | Lair:2   | Reached skill level 10 in Staves
 34371 | Lair:2   | Reached skill level 10 in Ranged Weapons
 34371 | Lair:2   | Reached skill level 10 in Throwing
 34371 | Lair:2   | Reached skill level 10 in Armour
 34371 | Lair:2   | Reached skill level 10 in Shields
 34371 | Lair:2   | Reached skill level 10 in Unarmed Combat
 34371 | Lair:2   | Reached skill level 10 in Evocations
 34770 | D:2      | Bought a potion of heal wounds for 70 gold pieces
 34770 | D:2      | Bought a potion of heal wounds for 70 gold pieces
 34875 | D:6      | Bought the amulet of the Establishment {^Fragile rElec rC++
                  | Will+ Regen+} for 738 gold pieces
 35184 | Lair:3   | Found a staircase to the Shoals.
 35187 | Lair:3   | Reached skill level 14 in Dodging
 35335 | Lair:3   | Reached XP level 15. HP: 115/115 MP: 17/30
 35411 | Lair:3   | Found a hole to the Spider Nest.
 36155 | Lair:4   | Identified the +0 plate armour of a bazaar {-Tele Rampage
                  | rPois Int+7}
 36927 | Lair:5   | Entered Level 5 of the Lair of Beasts
 37581 | Lair:5   | Offered knowledge of Yara's Violent Unravelling by Vehumet.
 37870 | Lair:5   | Learned a level 6 spell: Starburst
 37877 | Lair:5   | Learned a level 6 spell: Permafrost Eruption
 37974 | Lair:5   | Identified the +4 rapier of Dizi {vamp, rN+ Dex+4 Stlth+}
 38402 | Lair:5   | Found a staircase to the Slime Pits.
 39463 | Orc:1    | Entered Level 1 of the Orcish Mines
 39502 | Orc:1    | Reached skill level 15 in Dodging
 39674 | Orc:2    | Entered Level 2 of the Orcish Mines
 39674 | Orc:2    | Found a staircase to the Elven Halls.
 39683 | Orc:2    | Noticed Azrael
 39809 | Orc:2    | Reached skill level 10 in Shapeshifting
 39815 | Orc:2    | Killed Azrael
 39816 | Orc:2    | Reached XP level 16. HP: 110/124 MP: 10/32
 40878 | Orc:1    | Offered knowledge of Eringya's Noxious Bog by Vehumet.
 41161 | Orc:1    | Noticed Jorgrun
 41181 | Orc:1    | Killed Jorgrun
 42408 | Orc:2    | Found Siehih's Antique Weapon Shoppe.
 42408 | Orc:2    | Found Koampus's Armour Boutique.
 42410 | Orc:2    | Found Zuiphisa's Jewellery Shop.
 42412 | Orc:2    | Found Qiyrouni's Antique Weapon Emporium.
 42416 | Orc:2    | Bought an ebony war axe for 323 gold pieces
 42416 | Orc:2    | Identified the +6 war axe "Zuarch" {freeze, *Slow rElec
                  | rPois Stlth+} (You bought it in a shop on level 2 of the
                  | Orcish Mines)
 42476 | Orc:2    | Found a roughly hewn altar of Beogh.
 42652 | Orc:2    | Bought a +1 pair of boots of flying for 280 gold pieces
 42804 | Shoals:1 | Entered Level 1 of the Shoals
 43333 | Shoals:1 | Offered knowledge of Arcjolt by Vehumet.
 43644 | Shoals:1 | Noticed a titan
 43665 | Shoals:1 | Killed a titan
 45441 | Shoals:2 | Found a runed translucent gate.
 45442 | Shoals:2 | Found a runed translucent gate.
 45443 | Shoals:2 | Found a runed translucent gate.
 45444 | Shoals:2 | Noticed Boda's ghost (journeyman TeSu)
 45626 | Shoals:3 | Reached skill level 16 in Dodging
 47162 | Shoals:3 | Identified the +0 scale mail of the Orcish Mines {rElec}
 47695 | Shoals:4 | Entered Level 4 of the Shoals
 47767 | Shoals:4 | Reached XP level 17. HP: 77/133 MP: 13/33
 47877 | Shoals:4 | Found Ofylus's Jewellery Shoppe.
 48997 | Shoals:4 | Reached skill level 10 in Hexes
 48997 | Shoals:4 | Reached skill level 10 in Summonings
 48997 | Shoals:4 | Reached skill level 10 in Necromancy
 48997 | Shoals:4 | Reached skill level 10 in Translocations
 48997 | Shoals:4 | Reached skill level 10 in Fire Magic
 48997 | Shoals:4 | Reached skill level 10 in Ice Magic
 48997 | Shoals:4 | Reached skill level 10 in Air Magic
 48997 | Shoals:4 | Reached skill level 10 in Earth Magic
 48997 | Shoals:4 | Reached skill level 10 in Alchemy
 48999 | Shoals:4 | Offered knowledge of Fireball by Vehumet.
 49998 | Shoals:4 | Learned a level 5 spell: Fireball
 50330 | Shoals:4 | Got a barnacled rune of Zot
 50479 | Lair:3   | Learned a level 2 spell: Blink
 50485 | Lair:3   | Learned a level 5 spell: Irradiate
 50662 | Vaults:1 | Entered Level 1 of the Vaults
 50711 | Vaults:1 | Found Quicaza's Distillery.
 51931 | Vaults:1 | Upgraded the game from 0.32-a0-913-g739538afd8 to
                  | 0.32-a0-918-g0f22ef8d61
 51949 | Vaults:1 | Bought a potion of heal wounds for 95 gold pieces
 51949 | Vaults:1 | Bought a potion of heal wounds for 95 gold pieces
 51949 | Vaults:1 | Bought a potion of haste for 190 gold pieces
 52093 | Vaults:1 | Identified the ring "Res Tiuts" {rC+ Str+6 Dex+2}
 52460 | Vaults:1 | Found the +7 lajatang of Order {silver, rMut}
 52721 | Vaults:1 | Reached skill level 17 in Dodging
 52770 | Vaults:1 | Offered knowledge of Maxwell's Capacitive Coupling by
                  | Vehumet.
 53107 | Vaults:1 | Identified the +6 halberd of Laohesiph {freeze, ^Contam rN+
                  | Str+5}
 53502 | Vaults:1 | Reached XP level 18. HP: 65/141 MP: 27/35
 54092 | Vaults:1 | Found a one-way gate to the infinite horrors of the Abyss.
 54092 | Vaults:1 | Noticed Eldin's ghost (veteran DEHW)
 54140 | Vaults:1 | Found a transporter.
 54144 | Vaults:1 | Found a transporter.
 54152 | Vaults:1 | Noticed a profane servitor
 54225 | Vaults:1 | Noticed Nikola
 54232 | Vaults:1 | Killed Nikola
 54915 | Vaults:2 | Paralysed by something for 4 turns
 55110 | Vaults:2 | HP: 2/142 [war gargoyle/+0 morningstar (20)]
 55111 | Vaults:2 | Mangled by a vault warden

Illustrated notes

Levels and vault maps discovered:
D:1:      amcnicky_arrival_flooded_fountain, layout_basic, dk_noncrumbling_3
D:2:      layout_rooms, basic_altar, serial_shops, shop,
          nicolae_shop_bloodbath_and_beyond, shop_fountains, uniq_jessica
D:3:      layout_loops_ring, gammafunk_ghost_split
D:4:      layout_rooms, mainiacjoe_overflow_swirl, minmay_temple_entry_poolview,
          gup_ossuary_entry_pyramid, serial_shops, shop,
          nicolae_take_the_stairs, nicolae_shop_behind_doors,
          nrook_mini_backslash, uniq_pargi
D:5:      layout_basic, regret_index_kikubaaqudgha_part_by_part,
          nicolae_overflow_squiral, sword_in_stone, uniq_menkaure
D:6:      hellmonk_ruined_rings, layout_loops_ring, dancing_weapons_uskayaw,
          serial_shops, shop, serial_library_hellmonk_narrow_alcove,
          uniq_maggie, uniq_blork_the_orc, uniq_pikel
D:7:      statuecave_lemuel, layout_loops_corners, kennysheep_generic_room_8
D:8:      layout_cave_pools, xom_shifter_show, david_lair_generic, serial_shops,
          nicolae_shop_advertising_works [nicolae_subvault_shop_adworks],
          kennysheep_small_circle
D:9:      layout_small_grid, minmay_the_grid_2x2 [minmay_the_grid_tree,
          minmay_the_grid_small_cups, minmay_the_grid_gridbox,
          minmay_the_grid_prize_shrinking_boxes], uniq_erolcha, uniq_jeremiah
D:10:     layout_roguey, nicolae_ru_path_of_blood, uniq_nergalle
D:11:     minmay_cornered_nines, layout_rooms, zombieorc2_lemuel
D:12:     layout_basic
D:13:     layout_gridville, grunt_vaults_entry_fortified, serial_bayou,
          serial_bayou_shore_b, serial_bayou_pond_b, serial_bayou_shore_a,
          serial_bayou_crossing
D:14:     layout_stronghold, uniq_snorg, uniq_roxanne
D:15:     grunt_enter_depths_snipers, layout_loops_ring, fiery_altar_vehumet,
          uniq_kirke
Temple:   nicolae_temple_ecumenical_triangle
Lair:1:   layout_concentric_octagons, infiniplex_staircase_pool_2
Lair:2:   layout_concentric_octagons, grunt_forest_large_clearings
Lair:3:   layout_concentric_octagons, nicolae_shoals_entry_flooding,
          dummy_spider_entry
Lair:4:   layout_cave_pods
Lair:5:   gammafunk_lair_ancient_temple, layout_regular_city,
          minmay_slime_entry_oklob_enclosed
Shoals:1: layout_shoals, st_sunken_temple
Shoals:2: layout_shoals, gammafunk_ghost_necromancy
Shoals:3: layout_shoals
Shoals:4: shoals_end_grunt_ice, layout_shoals, serial_shops,
          nicolae_shop_gaudy_bauble
Orc:1:    layout_caves, uniq_jorgrun
Orc:2:    st_orc_rangers, layout_caves, nicolae_orc_rockfall,
          nicolae_orc_stony_grotto, minmay_orc_temple_b, uniq_azrael
Vaults:1: gammafunk_ghost_abyssal_escape, nicolae_vaults_disjoint_gnomons,
          vaults_mumra_lcd, hangedman_vaults_corner,
          nicolae_vaults_offset_grid_hallway_3,
          nicolae_vaults_diffraction_hallways, v_misc_30,
          nicolae_vaults_offset_grid_hallway_4, vaults_dpeg_cross,
          nicolae_vaults_house_1, nicolae_vaults_alarming,
          layout_vaults_chaotic_city, serial_shops, shop, uniq_nikola
Vaults:2: minmay_crypt_entry_vampire_xt, v_misc_24, v_rooms_4,
          dpeg_vaults_hating_casters, vaults_room_octagon,
          nicolae_vaults_hallways_thing, nicolae_vaults_two_Ls,
          nicolae_vaults_diagonal_hallway_8, nicolae_vaults_layer_cake_slice,
          nicolae_vaults_house_3, nicolae_vaults_three_branches,
          vaults_room_pools, v_misc_30, layout_vaults_omnicross, serial_shops,
          shop, uniq_zenata

Skill      XL: |  1  2  3  4  5  6  7  8  9 10 11 12 13 14 15 16 17 |
---------------+----------------------------------------------------+-----
Spellcasting   | 5 6 7 8 9 10 11 12 13 | 13.5
Invocations    | 1 2 3 4 5 6 7 8 9 10 11 12 13 | 13.7
Fighting       | 1 2 3 4 5 6 7 8 9 10 11 12 | 12.6
Short Blades   | 1 2 3 4 5 6 7 8 9 10 11 12 | 12.6
Long Blades    | 1 2 3 4 5 6 7 8 9 10 11 12 | 12.6
Axes           | 1 2 3 4 5 6 7 8 9 10 11 12 | 12.6
Maces & Flails | 1 2 3 4 5 6 7 8 9 10 11 12 | 12.6
Polearms       | 1 2 3 4 5 6 7 8 9 10 11 12 | 12.6
Staves         | 1 2 3 4 5 6 7 8 9 10 11 12 | 12.6
Ranged Weapons | 1 2 3 4 5 6 7 8 9 10 11 12 | 12.6
Throwing       | 1 2 3 4 5 6 7 8 9 10 11 12 | 12.6
Armour         | 1 2 3 4 5 6 7 8 9 10 11 12 | 12.6
Shields        | 1 2 3 4 5 6 7 8 9 10 11 12 | 12.6
Unarmed Combat | 1 2 3 4 5 6 7 8 9 10 11 12 | 12.6
Evocations     | 1 2 3 4 5 6 7 8 9 10 11 12 | 12.6
Shapeshifting  | 1 2 3 4 5 6 7 8 9 10 11 | 11.6
Hexes          | 1 2 3 4 5 6 7 8 9 10 | 10.7
Summonings     | 1 2 3 4 5 6 7 8 9 10 | 10.7
Necromancy     | 1 2 3 4 5 6 7 8 9 10 | 10.7
Translocations | 1 2 3 4 5 6 7 8 9 10 | 10.7
Fire Magic     | 1 2 3 4 5 6 7 8 9 10 | 10.7
Ice Magic      | 1 2 3 4 5 6 7 8 9 10 | 10.7
Air Magic      | 1 2 3 4 5 6 7 8 9 10 | 10.7
Earth Magic    | 1 2 3 4 5 6 7 8 9 10 | 10.7
Alchemy        | 1 2 3 4 5 6 7 8 9 10 | 10.7
Dodging        | 5 6 7 8 10 11 12 14 15 16 17 | 17.4
Stealth        | 5 6 7 8 9 10 11 12 13 | 13.3
Conjurations   | 8 9 10 11 12 | 12.7

Action                     |  1- 3 |  4- 6 |  7- 9 | 10-12 | 13-15 | 16-18 || total
---------------------------+-------+-------+-------+-------+-------+-------++-------
  Melee: Dagger            |    13 |       |       |       |       |       ||    13
         Bite              |     1 |     5 |    14 |    41 |   139 |   154 ||   354
         Staff             |       |    81 |   114 |    16 |       |       ||   211
         Spear             |       |       |       |    98 |       |       ||    98
         Trident           |       |       |       |   188 |  1018 |   722 ||  1928
         Scimitar          |       |       |       |       |     7 |       ||     7
         Unarmed           |       |       |       |       |    11 |       ||    11
         Rapier            |       |       |       |       |    21 |       ||    21
         Demon trident     |       |       |       |       |       |   466 ||   466
         Lajatang          |       |       |       |       |       |     9 ||     9
   Fire: Shortbow          |       |       |       |   136 |       |       ||   136
   Cast: Magic Dart        |    69 |    98 |    86 |    91 |    66 |    20 ||   430
         Searing Ray       |     1 |    11 |    23 |    21 |    14 |     2 ||    72
         Iskenderun's Myst |       |     1 |    12 |   146 |   122 |    51 ||   332
         Bombard           |       |       |       |       |    42 |    53 ||    95
         Permafrost Erupti |       |       |       |       |    13 |    39 ||    52
         Starburst         |       |       |       |       |     4 |    17 ||    21
         Irradiate         |       |       |       |       |       |     8 ||     8
         Blink             |       |       |       |       |       |     1 ||     1
  Evoke: Wand              |       |       |       |    29 |    19 |     7 ||    55
         Lightning rod     |       |       |       |       |     4 |       ||     4
         Sack of spiders   |       |       |       |       |       |     1 ||     1
    Use: Scroll            |     2 |     9 |     4 |    16 |    10 |    12 ||    53
         Potion            |       |       |       |     8 |     3 |     8 ||    19
   Stab: Sleeping          |       |     1 |     2 |     7 |    21 |    22 ||    53
         Distracted        |       |       |       |     1 |     1 |     2 ||     4
         Paralysed         |       |       |       |     3 |     9 |       ||    12
         Invisible         |       |       |       |     1 |     1 |       ||     2
 Armour: Robe              |    15 |    61 |    64 |       |       |       ||   140
         Steam dragon scal |       |       |    22 |   159 |       |       ||   181
         Acid dragon scale |       |       |       |   219 |   831 |   859 ||  1909
         Skin              |       |       |       |       |     9 |       ||     9
  Dodge: Dodged            |    21 |    71 |    89 |   272 |   634 |   563 ||  1650
  Block: Buckler           |       |       |       |    36 |   335 |   280 ||   651

Table legend: (Time is in decaauts)
 A = Elapsed time spent in this place.
 B = Non-inter-level travel time spent in this place.
 C = Inter-level travel time spent in this place.
 D = Time resting spent in this place.
 E = Time spent auto-exploring this place.
 F = Levels seen in this place.
 G = Mean time per level.
                   A        B        C        D        E       F      G
               +--------+--------+--------+--------+--------+-----+--------+
         Total |  54883 |  52824 |   2059 |  26610 |  19183 |  30 | 1829.4 |
       Dungeon |  31714 |  30460 |   1254 |  16232 |  10629 |  15 | 2114.3 |
        Temple |     10 |     10 |      0 |      0 |      0 |   1 |   10.0 |
          Lair |   7670 |   7147 |    523 |   2568 |   3550 |   5 | 1534.0 |
        Shoals |   7225 |   7085 |    140 |   3272 |   2716 |   4 | 1806.2 |
  Orcish Mines |   3199 |   3133 |     66 |   1756 |    946 |   2 | 1599.5 |
        Vaults |   3370 |   3297 |     73 |   1444 |   1148 |   2 | 1685.0 |
       Ossuary |   1691 |   1691 |      0 |   1338 |    193 |   1 | 1691.0 |
               +--------+--------+--------+--------+--------+-----+--------+

Top non-repeatable levels by time:
     D:7: 4250 daAuts
    D:13: 3995 daAuts
    D:14: 3645 daAuts
Vaults:1: 3211 daAuts
    D:12: 2718 daAuts
     D:9: 2716 daAuts
    D:10: 2444 daAuts
   Orc:1: 2282 daAuts
     D:5: 2212 daAuts
Shoals:2: 2176 daAuts
    D:15: 2154 daAuts
Shoals:4: 2114 daAuts
  Lair:5: 2033 daAuts
Shoals:3: 1720 daAuts
 Ossuary: 1691 daAuts
